UAA
COLORADO SPRINGS VELOCITY @ REMSEN ALPHAS
07/27/2017
 
TOP OF THE 1ST
Leupp Arrowheads batting - Pitching for Durham Rapiers : LHP Jim Unknown
Pitching: LHP Jim Unknown
Batting: RHB Brent Burgess 0-0: Ball
1-0: Ball
2-0: Foul Ball, location: 2F
2-1: Foul Ball, location: 2F
2-2: Ground out 6-3 (Groundball, 56)
Batting: RHB Dylan Smith 0-0: Ball
1-0: Ball
2-0: Ball
3-0: Base on Balls
Batting: SHB Juan Gil 0-0: Called Strike
0-1: Ball
1-1: SINGLE (Line Drive, 89S)
Dylan Smith to second
Batting: RHB Julián Negrón 0-0: Called Strike
0-1: Ball
1-1: Ball
2-1: Ball
3-1: Ground out 1-3 (Groundball, 2R)
Dylan Smith to third
Juan Gil to second
Batting: RHB Nick Hatfield 0-0: Called Strike
0-1: Fly out, F9 (Flyball, 8RM)
Top of the 1st over - 0 run(s), 1 hit(s), 0 error(s), 2 left on base; Leupp 0 - Durham 0
BOTTOM OF THE 1ST
Durham Rapiers batting - Pitching for Leupp Arrowheads : RHP Jim Unknown
Pitching: RHP Jim Unknown
Batting: LHB Dexter Shannon 0-0: Ball
1-0: Foul Ball, location: 2F
1-1: Ball
2-1: Foul Ball, location: 2F
2-2: Fly out, F7 (Flyball, 78M)
Batting: SHB Vernon Thomas 0-0: Called Strike
0-1: Ball
1-1: Ball
2-1: Swinging Strike
2-2: Foul Ball, location: 2F
2-2: Foul Ball, location: 2F
2-2: Strikes out swinging
Batting: LHB Scott Martin 0-0: Ball
1-0: Foul Ball, location: 2F
1-1: Ball
2-1: Foul Ball, location: 2F
2-2: Foul Ball, location: 2F
2-2: Strikes out looking
Bottom of the 1st over - 0 run(s), 0 hit(s), 0 error(s), 0 left on base; Leupp 0 - Durham 0
TOP OF THE 2ND
Leupp Arrowheads batting - Pitching for Durham Rapiers : LHP Jim Unknown
Batting: LHB Horace Ritchie 0-0: Ball
1-0: Called Strike
1-1: Fly out, F7 (Flyball, 78M)
Batting: LHB Salvador Sánchez 0-0: Ball
1-0: SINGLE (Groundball, 34S) (infield hit)
Batting: RHB Alberto Taváres 0-0: Ball
Wild Pitch!
Salvador Sánchez to second
1-0: Ball
2-0: Ball
3-0: Foul Ball, location: 2F
3-1: Base on Balls
Batting: SHB Artie Hemming 0-0: Ball
1-0: Ball
2-0: Foul Ball, location: 2F
2-1: Ball
3-1: Swinging Strike
3-2: Strikes out swinging
Batting: RHB Brent Burgess 0-0: Ball
1-0: Ball
2-0: Ball
3-0: Base on Balls
Salvador Sánchez to third
Alberto Taváres to second
Batting: RHB Dylan Smith 0-0: Foul Ball, location: 2F
0-1: Swinging Strike
0-2: Ball
1-2: Foul Ball, location: 2F
1-2: Ball
2-2: Ball
3-2: Strikes out looking
Top of the 2nd over - 0 run(s), 1 hit(s), 0 error(s), 3 left on base; Leupp 0 - Durham 0
BOTTOM OF THE 2ND
Durham Rapiers batting - Pitching for Leupp Arrowheads : RHP Jim Unknown
Batting: RHB Bart Lewis 0-0: Swinging Strike
0-1: Called Strike
0-2: Fly out, F7 (Flyball, 7D)
Batting: SHB Roger Wheeler 0-0: Ball
1-0: Ball
2-0: Ground out 4-3 (Groundball, 4)
Batting: RHB Caleb Lee 0-0: Foul Ball, location: 2F
0-1: Ball
1-1: Ball
2-1: Foul Ball, location: 2F
2-2: Foul Ball, location: 2F
2-2: Strikes out swinging
Bottom of the 2nd over - 0 run(s), 0 hit(s), 0 error(s), 0 left on base; Leupp 0 - Durham 0
TOP OF THE 3RD
Leupp Arrowheads batting - Pitching for Durham Rapiers : LHP Jim Unknown
Batting: SHB Juan Gil 0-0: Ball
1-0: Called Strike
1-1: Ball
2-1: Foul Ball, location: 2F
2-2: Reached on Error, E9 (Flyball, 9M)
Batting: RHB Julián Negrón 0-0: Called Strike
0-1: Foul Ball, location: 2F
0-2: Foul Ball, location: 2F
0-2: Ball
1-2: SINGLE (Groundball, 6M)
Juan Gil to second
Runner from 2nd tries for 3rd, SAFE, throw made to third
Batting: RHB Nick Hatfield 0-0: Ball
1-0: Foul Ball, location: 2F
1-1: Called Strike
1-2: Ball
2-2: Ball
3-2: Foul Ball, location: 2F
3-2: SINGLE (Popup, 8RS)
Juan Gil scores
Julián Negrón to second
Batting: LHB Horace Ritchie 0-0: Called Strike
0-1: Ball
1-1: SINGLE (Flyball, 89M)
Julián Negrón to third
Nick Hatfield to second
Batting: LHB Salvador Sánchez 0-0: Ball
1-0: Ball
2-0: Called Strike
2-1: Called Strike
2-2: Ball
3-2: Strikes out swinging
Batting: RHB Alberto Taváres 0-0: Ball
1-0: DOUBLE (Groundball, 5L)
Julián Negrón scores
Nick Hatfield scores
Horace Ritchie to third
Runner from 3rd tries for Home, throw and OUT!
Batting: SHB Artie Hemming 0-0: Ball
1-0: Ball
2-0: SINGLE (Groundball, 15S) (infield hit)
Alberto Taváres to third
Batting: RHB Brent Burgess 0-0: Ball
1-0: Ball
2-0: Ball
3-0: Base on Balls
Artie Hemming to second
Batting: RHB Dylan Smith 0-0: Ball
1-0: Ball
2-0: Swinging Strike
2-1: Foul Ball, location: 2F
2-2: Strikes out looking
Top of the 3rd over - 3 run(s), 5 hit(s), 1 error(s), 3 left on base; Leupp 3 - Durham 0
BOTTOM OF THE 3RD
Durham Rapiers batting - Pitching for Leupp Arrowheads : RHP Jim Unknown
Batting: LHB Evan Nelson 0-0: Ball
1-0: Ball
2-0: Called Strike
2-1: Ball
3-1: Called Strike
3-2: Foul Ball, location: 2F
3-2: Strikes out swinging
Batting: RHB Ray Whittier 0-0: Swinging Strike
0-1: Foul Ball, location: 2F
0-2: Ball
1-2: Foul Ball, location: 2F
1-2: Strikes out swinging
Batting: LHB Gonzalo Féliz 0-0: Ball
1-0: Called Strike
1-1: Ball
2-1: Fly out, F8 (Line Drive, 8RM)
Bottom of the 3rd over - 0 run(s), 0 hit(s), 0 error(s), 0 left on base; Leupp 3 - Durham 0
TOP OF THE 4TH
Leupp Arrowheads batting - Pitching for Durham Rapiers : LHP Jim Unknown
Batting: SHB Juan Gil 0-0: Called Strike
0-1: Ground out 4-3 (Groundball, 4)
Batting: RHB Julián Negrón 0-0: Fly out, F8 (Flyball, 8RM)
Batting: RHB Nick Hatfield 0-0: Swinging Strike
0-1: Fly out, F4 (Popup, 9LS)
Top of the 4th over - 0 run(s), 0 hit(s), 0 error(s), 0 left on base; Leupp 3 - Durham 0
BOTTOM OF THE 4TH
Durham Rapiers batting - Pitching for Leupp Arrowheads : RHP Jim Unknown
Batting: LHB Dexter Shannon 0-0: Called Strike
0-1: Ball
1-1: Ball
2-1: Swinging Strike
2-2: Fly out, F6 (Popup, 6MD)
Batting: SHB Vernon Thomas 0-0: Ball
1-0: Foul Ball, location: 2F
1-1: Called Strike
1-2: Foul Ball, location: 2F
1-2: Ball
2-2: Strikes out swinging
Batting: LHB Scott Martin 0-0: Swinging Strike
0-1: Swinging Strike
0-2: DOUBLE (Flyball, 9LD)
Batting: RHB Bart Lewis 0-0: Ball
1-0: Called Strike
1-1: Ball
2-1: Foul Ball, location: 2F
2-2: Fly out, F3 (Line Drive, 3F)
Bottom of the 4th over - 0 run(s), 1 hit(s), 0 error(s), 1 left on base; Leupp 3 - Durham 0
TOP OF THE 5TH
Leupp Arrowheads batting - Pitching for Durham Rapiers : LHP Jim Unknown
Batting: LHB Horace Ritchie 0-0: Ball
1-0: Ball
2-0: Ground out 4-3 (Groundball, 4)
Batting: LHB Salvador Sánchez 0-0: Called Strike
0-1: Called Strike
0-2: Foul Ball, location: 2F
0-2: Strikes out swinging
Batting: RHB Alberto Taváres 0-0: Foul Ball, location: 2F
0-1: Ball
1-1: Ball
2-1: Ground out 5-3 (Groundball, 5S)
Top of the 5th over - 0 run(s), 0 hit(s), 0 error(s), 0 left on base; Leupp 3 - Durham 0
BOTTOM OF THE 5TH
Durham Rapiers batting - Pitching for Leupp Arrowheads : RHP Jim Unknown
Batting: SHB Roger Wheeler 0-0: Ball
1-0: Swinging Strike
1-1: Ball
2-1: Foul Ball, location: 2F
2-2: Strikes out swinging
Batting: RHB Caleb Lee 0-0: Foul Ball, location: 2F
0-1: Ball
1-1: Ball
2-1: Swinging Strike
2-2: Hit by Pitch
Batting: LHB Evan Nelson 0-0: Called Strike
Caleb Lee steals 2nd base
0-1: Ball
1-1: SINGLE (Line Drive, 9S)
Caleb Lee to third
Runner from 3rd tries for Home, SAFE, no throw or cutoff
Batting: RHB Ray Whittier 0-0: Called Strike
0-1: Ball
1-1: Called Strike
1-2: Ball
2-2: Fly out, F9 (Flyball, 89M)
Batting: LHB Gonzalo Féliz 0-0: Called Strike
0-1: Called Strike
0-2: Ball
1-2: Ball
2-2: Strikes out swinging
Bottom of the 5th over - 1 run(s), 1 hit(s), 0 error(s), 1 left on base; Leupp 3 - Durham 1
TOP OF THE 6TH
Leupp Arrowheads batting - Pitching for Durham Rapiers : LHP Jim Unknown
Batting: SHB Artie Hemming 0-0: Ground out 1-3 (Groundball, 25)
Batting: RHB Brent Burgess 0-0: Swinging Strike
0-1: Ground out 5-3 (Groundball, 56)
Batting: RHB Dylan Smith 0-0: Called Strike
0-1: Fly out, F3 (Line Drive, 34S)
Top of the 6th over - 0 run(s), 0 hit(s), 0 error(s), 0 left on base; Leupp 3 - Durham 1
BOTTOM OF THE 6TH
Durham Rapiers batting - Pitching for Leupp Arrowheads : RHP Jim Unknown
Batting: LHB Dexter Shannon 0-0: Ball
1-0: Ball
2-0: Ball
3-0: Called Strike
3-1: Foul Ball, location: 2F
3-2: Strikes out swinging
Batting: SHB Vernon Thomas 0-0: Foul Ball, location: 2F
0-1: Called Strike
0-2: Ball
1-2: Ball
2-2: Foul Ball, location: 2F
2-2: Foul Ball, location: 2F
2-2: Foul Ball, location: 2F
2-2: Strikes out swinging
Batting: LHB Scott Martin 0-0: Fly out, F9 (Flyball, 9LM)
Bottom of the 6th over - 0 run(s), 0 hit(s), 0 error(s), 0 left on base; Leupp 3 - Durham 1
TOP OF THE 7TH
Leupp Arrowheads batting - Pitching for Durham Rapiers : LHP Jim Unknown
Batting: SHB Juan Gil 0-0: Fly out, F7 (Flyball, 7M)
Batting: RHB Julián Negrón 0-0: Called Strike
0-1: Foul Ball, location: 2F
0-2: SINGLE (Line Drive, 34)
Pitching: RHP Luis Ortíz
Batting: RHB Nick Hatfield 0-0: Ball
1-0: Swinging Strike
1-1: Foul Ball, location: 2F
1-2: Strikes out looking
Pitching: LHP Doug Ferguson
Batting: LHB Horace Ritchie 0-0: SINGLE (Line Drive, 9LS)
Julián Negrón to second
Pitching: LHP Loren Beckham
Pinch Hitting: RHB Keith Best 0-0: Swinging Strike
0-1: SINGLE (Flyball, 9LM)
Julián Negrón to third
Horace Ritchie to second
Runner from 3rd tries for Home, SAFE, no throw or cutoff
Batting: RHB Alberto Taváres 0-0: Ball
1-0: Swinging Strike
1-1: Called Strike
1-2: Ball
2-2: Ball
3-2: Base on Balls
Horace Ritchie to third
Keith Best to second
Batting: SHB Artie Hemming 0-0: Called Strike
0-1: Foul Ball, location: 2F
0-2: Ground out 4-3 (Groundball, 4)
Top of the 7th over - 1 run(s), 3 hit(s), 0 error(s), 3 left on base; Leupp 4 - Durham 1
BOTTOM OF THE 7TH
Durham Rapiers batting - Pitching for Leupp Arrowheads : RHP Jim Unknown
Now in LF: Keith Best
Batting: RHB Bart Lewis 0-0: Called Strike
0-1: Fly out, F9 (Flyball, 89S)
Batting: SHB Roger Wheeler 0-0: Ball
1-0: Ball
2-0: Ball
3-0: Base on Balls
Pitching: RHP Iván Ledesma Jr.
Batting: RHB Caleb Lee 0-0: Ball
1-0: Called Strike
1-1: Ball
2-1: Foul Ball, location: 2F
2-2: Ball
3-2: Foul Ball, location: 2F
3-2: Foul Ball, location: 2F
3-2: Strikes out swinging
Batting: LHB Evan Nelson 0-0: Ball
1-0: Ball
2-0: Ball
3-0: Base on Balls
Roger Wheeler to second
Batting: RHB Ray Whittier 0-0: Called Strike
0-1: Foul Ball, location: 2F
0-2: Ball
1-2: Fielders Choice at 2nd, 6-4 (Groundball, 6)
Bottom of the 7th over - 0 run(s), 0 hit(s), 0 error(s), 1 left on base; Leupp 4 - Durham 1
TOP OF THE 8TH
Leupp Arrowheads batting - Pitching for Durham Rapiers : LHP Loren Beckham
Batting: RHB Brent Burgess 0-0: DOUBLE (Flyball, 89D)
Batting: RHB Dylan Smith 0-0: Intentional Walk
Batting: SHB Juan Gil 0-0: Ball
1-0: Ball
2-0: Ball
3-0: Called Strike
3-1: Fly out, F8 (Flyball, 8RS)
Batting: RHB Julián Negrón 0-0: Ball
1-0: Ball
2-0: Swinging Strike
2-1: Foul Ball, location: 2F
2-2: Foul Ball, location: 2F
2-2: Strikes out swinging
Batting: RHB Nick Hatfield 0-0: Called Strike
0-1: Ball
1-1: Ground out 3-1 (Groundball, 34)
Top of the 8th over - 0 run(s), 1 hit(s), 0 error(s), 2 left on base; Leupp 4 - Durham 1
BOTTOM OF THE 8TH
Durham Rapiers batting - Pitching for Leupp Arrowheads : RHP Iván Ledesma Jr.
Batting: LHB Gonzalo Féliz 0-0: Ball
1-0: Ball
2-0: Ground out 4-3 (Groundball, 4)
Batting: LHB Dexter Shannon 0-0: Ball
1-0: Foul Ball, location: 2F
1-1: Foul Ball, location: 2F
1-2: Foul Ball, location: 2F
1-2: Fly out, F7 (Flyball, 7S)
Batting: SHB Vernon Thomas 0-0: Foul Ball, location: 2F
0-1: SINGLE (Line Drive, 34D)
Pitching: LHP Fernando Castro
Batting: LHB Scott Martin 0-0: Called Strike
0-1: Swinging Strike
0-2: Foul Ball, location: 2F
0-2: Strikes out swinging
Bottom of the 8th over - 0 run(s), 1 hit(s), 0 error(s), 1 left on base; Leupp 4 - Durham 1
TOP OF THE 9TH
Leupp Arrowheads batting - Pitching for Durham Rapiers : LHP Loren Beckham
Pitching: LHP Jud Riggs
Batting: LHB Horace Ritchie 0-0: Ball
1-0: Ground out U3 (Groundball, 3L)
Batting: RHB Keith Best 0-0: Ball
1-0: Called Strike
1-1: Ball
2-1: Ball
3-1: Base on Balls
Batting: RHB Alberto Taváres 0-0: Called Strike
0-1: Ball
1-1: Ball
2-1: Called Strike
2-2: Grounds into double play, 5-4-3 (Groundball, 56)
Top of the 9th over - 0 run(s), 0 hit(s), 0 error(s), 0 left on base; Leupp 4 - Durham 1
BOTTOM OF THE 9TH
Durham Rapiers batting - Pitching for Leupp Arrowheads : LHP Fernando Castro
Pitching: RHP Chris Brown
Batting: RHB Bart Lewis 0-0: TRIPLE (Flyball, 89D)
Batting: SHB Roger Wheeler 0-0: Ball
1-0: Called Strike
1-1: Foul Ball, location: 2F
1-2: Fly out, F9 (Flyball, 9LM)
Runner from 3rd tags up, SCORES, throw made
Batting: RHB Caleb Lee 0-0: Called Strike
0-1: Fly out, F3 (Popup, 3L)
Batting: LHB Evan Nelson 0-0: Foul Ball, location: 2F
0-1: Ball
1-1: Ground out 3-1 (Groundball, 34)
Bottom of the 9th over - 1 run(s), 1 hit(s), 0 error(s), 0 left on base; Leupp 4 - Durham 2
This league is powered by Out of the Park Baseball, the baseball management simulation game for PC, Mac and Linux
Saturday, February 27th, 2021 - OOTP Baseball 15.6 Build 34